Map: Overgrown Facility

Players

MonstroTown - Winner!

  • Race: Terran Terran
  • Spawn Location: 3:00

Michael - Winner!

  • Race: Zerg Zerg
  • Spawn Location: 1:00

Mclovin

  • Race: Zerg Zerg
  • Spawn Location: 9:00

GalVeritatis

  • Race: Zerg Zerg
  • Spawn Location: 7:00

VOD

Have the link to the VOD?

Description

Time

  • Played on: Aug. 28, 2018, 7:47 p.m.
  • Length: 13:21
Show
View Real Time Build Order
Export as new Build Order

MonstroTown Terran - Winner!

Build Orders: MMM Bio 

Get SALT Encoding   

  12  0:01  SCV  
  13  0:13  SCV  
  14  0:19  Supply Depot  
  14  0:25  SCV  
  15  0:41  SCV  
  15  0:42  Barracks  
  16  0:48  Refinery  
  16  0:53  SCV  
  17  1:05  SCV  
  17  1:10  Barracks  
  18  1:17  SCV  
  19  1:33  Reaper  
  19  1:35  Supply Depot  
  20  1:40  Orbital Command  
  20  2:07  Barracks Tech Lab, Refinery  
  20  2:08  Barracks Reactor  
  20  2:10  SCV  
  21  2:28  SCV  
  21  2:31  Marauder  
  21  2:37  Command Center  
  23  2:41  Stimpack  
  23  2:43  SCV  
  23  2:44  Marine  
  23  2:48  Marine  
  25  3:00  Marine  
  26  3:08  Factory, Marine x2  
  28  3:14  Supply Depot  
  29  3:29  Marauder, Marine  
  31  3:35  Marine  
  31  3:36  SCV  
  33  3:48  Engineering Bay, SCV  
  34  4:00  SCV  
  35  4:04  Marine x2  
  35  4:06  Supply Depot, Factory Tech Lab  
  37  4:16  Missile Turret  
  37  4:21  Terran Infantry Weapons Level 1  
  37  4:27  Orbital Command  
  37  4:29  Marine  
  38  4:53  Supply Depot x3  
  38  4:54  SCV  
  38  4:55  Supply Depot  
  39  5:12  Marine x2  
  39  5:13  Marauder  
  43  5:23  Bunker  
  43  5:26  Siege Tank  
  46  5:29  SCV  
  46  5:30  Marine x2  
  49  5:47  Combat Shields, Marauder  
  49  5:49  SCV  
  52  5:52  SCV  
  53  6:01  SCV  
  54  6:07  Marine  
  54  6:08  Marine  
  54  6:09  Marauder  
  58  6:23  Starport  
  58  6:24  SCV x2  
  60  6:25  Barracks  
  60  6:36  SCV, Supply Depot  
  60  6:37  SCV  
  60  6:39  Terran Infantry Armor Level 1  
  62  6:49  Marine x2  
  62  6:50  Barracks, Marine  
  65  6:56  Siege Tank  
  65  6:58  SCV  
  65  6:59  SCV  
  70  7:06  Concussive Shells  
  70  7:07  Supply Depot  
  70  7:10  SCV  
  71  7:17  Marine x2  
  71  7:18  Barracks Tech Lab  
  71  7:19  Starport Reactor  
  73  7:26  Marauder  
  74  7:57  Marine x2  
  74  7:58  Marauder x2  
  80  7:59  Medivac x2  
  84  8:11  Engineering Bay, Armory  
  84  8:14  Command Center  
  84  8:19  Marauder  
  86  8:24  Missile Turret  
  86  8:45  Supply Depot  
  86  8:47  Supply Depot  
  86  8:49  Supply Depot  
  86  8:51  Refinery  
  86  8:52  Barracks Reactor  
  86  9:06  SCV x2, Medivac  
  86  9:07  Marauder x2  
  86  9:09  Marine x2  
  96  9:18  SCV x2  
  98  9:30  SCV x2  
  100  9:33  Marine x3  
  100  9:34  Marine x2  
  100  9:35  Marauder  
  107  9:43  SCV  
  108  9:48  Orbital Command  
  108  9:51  Command Center, Marine x2  
  108  9:52  Marauder  
  111  9:56  Marauder  
  113  10:13  Marauder, Marine x3  
  117  10:16  Terran Infantry Armor Level 2, Terran Infantry Weapons Level 2  
  117  10:17  Marauder  
  117  10:18  Terran Vehicle Weapons Level 1  
  117  10:20  SCV x3  
  122  10:29  Supply Depot x2  
  122  10:32  SCV x2  
  122  10:33  SCV  
  124  10:43  Supply Depot  
  124  10:45  Supply Depot, Marine  
  124  10:47  Supply Depot  
  124  10:49  Marine  
  125  10:51  Marauder x2  
  128  10:57  Marine x2  
  128  11:03  Marine  
  126  11:04  Medivac x2  
  126  11:07  Marine  
  131  11:12  Marine x2  
  131  11:15  Marine x2  
  133  11:20  Siege Tank  
  133  11:28  Orbital Command  
  133  11:30  SCV  
  133  11:31  SCV x2  
  136  11:42  SCV  
  136  11:43  SCV  
  138  11:48  Marine x5  
  138  11:49  Marine  
  138  11:52  Refinery  
  144  12:06  Marine  
  144  12:07  Barracks  
  129  12:33  SCV x4  
  129  12:35  Marine x3  
  129  12:36  Marine x3  
  135  12:37  Medivac x2  
  139  12:45  SCV, Barracks  
  139  12:46  Barracks  
  139  12:48  Barracks  
  139  12:49  Barracks  
  140  12:53  Marine x3  
  140  12:54  Marauder x2  
  140  12:58  Marine  
Show
View Real Time Build Order
Export as new Build Order

Michael Zerg - Winner!

Build Orders: Hatch First 

Get SALT Encoding   

  12  0:01  Drone  
  13  0:13  Overlord  
  13  0:18  Drone  
  14  0:31  Drone x2  
  14  0:35  Drone  
  17  0:56  Hatchery  
  16  0:58  Drone  
  16  1:01  Drone  
  18  1:05  Extractor  
  17  1:18  Spawning Pool  
  17  1:22  Drone  
  17  1:24  Drone  
  18  1:29  Drone  
  19  1:39  Drone  
  20  1:50  Overlord  
  20  2:05  Queen  
  20  2:07  Queen  
  24  2:09  Metabolic Boost  
  24  2:24  Spine Crawler  
  24  2:27  Roach Warren  
  24  2:28  Drone  
  23  2:33  Drone  
  23  2:36  Drone  
  25  2:41  Drone  
  26  2:44  Drone  
  27  3:01  Queen  
  27  3:05  Drone x3  
  29  3:06  Drone  
  29  3:09  Zergling x2  
  33  3:13  Zergling x2  
  34  3:23  Drone x2  
  34  3:25  Overlord  
  36  3:31  Lair  
  36  3:36  Overlord  
  36  3:44  Drone  
  36  3:45  Drone x3  
  42  3:48  Roach  
  42  3:52  Roach  
  44  4:09  Queen  
  44  4:12  Spore Crawler  
  44  4:14  Drone x5  
  44  4:15  Spore Crawler  
  44  4:16  Drone  
  50  4:28  Glial Reconstitution  
  50  4:35  Hydralisk Den  
  50  4:36  Spore Crawler  
  50  4:37  Spore Crawler  
  50  4:38  Drone x2  
  48  4:40  Drone, Spore Crawler  
  48  4:41  Drone  
  50  4:51  Roach  
  52  4:55  Overlord x3  
  52  5:17  Roach x4  
  52  5:18  Roach  
  60  5:25  Roach  
  60  5:27  Hatchery  
  57  5:28  Zergling x2  
  57  5:29  Zergling x6  
  57  5:30  Zergling x2  
  57  5:32  Zergling x2  
  63  5:40  Roach x2  
  67  5:50  Evolution Chamber  
  67  5:51  Spine Crawler  
  67  5:52  Spine Crawler  
  67  5:54  Drone x2  
  66  5:59  Extractor x2  
  66  6:00  Drone x2  
  66  6:01  Extractor  
  66  6:02  Drone x2  
  66  6:03  Drone  
  68  6:20  Drone x3  
  68  6:23  Drone x3  
  74  6:35  Zerg Ground Armor Level 1  
  74  6:43  Drone x4, Spine Crawler  
  77  6:52  Spore Crawler  
  76  6:55  Overseer x2  
  76  7:02  Muscular Augments  
  76  7:07  Queen  
  78  7:11  Drone x3  
  78  7:12  Drone  
  78  7:13  Overlord x3  
  78  7:14  Overlord x2  
  82  7:24  Hatchery  
  81  7:31  Overlord x2  
  81  7:32  Hydralisk  
  78  7:43  Roach x2  
  78  7:44  Roach x2  
  73  7:48  Roach x2  
  73  7:51  Roach  
  73  7:57  Drone x2  
  75  7:59  Drone x3  
  75  8:00  Drone  
  75  8:01  Drone  
  75  8:03  Drone  
  81  8:13  Grooved Spines  
  81  8:17  Spore Crawler  
  81  8:18  Spore Crawler  
  79  8:21  Spore Crawler  
  79  8:22  Extractor  
  79  8:23  Extractor, Drone  
  79  8:24  Drone, Spore Crawler  
  79  8:25  Drone  
  78  8:27  Drone  
  78  8:29  Zerg Missile Weapons Level 1  
  78  8:33  Hydralisk x2  
  83  8:36  Hydralisk  
  85  8:49  Drone  
  85  8:50  Drone x8  
  85  8:55  Drone x3  
  97  8:59  Drone x2  
  97  9:01  Drone  
  100  9:04  Spine Crawler  
  100  9:06  Spine Crawler  
  100  9:08  Spine Crawler  
  97  9:11  Queen  
  97  9:12  Drone  
  97  9:14  Drone  
  97  9:15  Drone  
  97  9:17  Drone  
  103  9:21  Hydralisk x2  
  107  9:27  Hydralisk  
  107  9:28  Hydralisk  
  107  9:29  Hydralisk  
  113  9:32  Hydralisk  
  113  9:34  Hydralisk  
  117  9:43  Infestation Pit  
  116  9:49  Roach x3  
  116  9:50  Roach  
  116  9:52  Roach  
  126  9:53  Roach  
  126  9:54  Roach  
  126  9:56  Roach  
  132  10:16  Hydralisk x5  
  132  10:17  Hydralisk  
  132  10:18  Overlord x2  
  132  10:19  Overlord x2  
  144  10:23  Zerg Ground Armor Level 2  
  144  10:30  Hive  
  144  10:36  Overlord x4  
  144  10:37  Overlord  
  144  10:39  Roach x4  
  152  10:47  Roach x5  
  160  11:07  Hydralisk x6  
  160  11:08  Hydralisk x3  
  160  11:09  Hydralisk  
  158  11:11  Roach  
  158  11:13  Roach  
  158  11:18  Roach x3  
  140  11:31  Hydralisk x5  
  150  11:33  Roach  
  152  11:53  Roach x12  
  174  12:03  Hydralisk x4  
  174  12:04  Hydralisk  
  174  12:06  Roach  
  174  12:08  Roach  
  184  12:20  Roach x7  
  184  12:21  Overlord  
  196  12:27  Drone  
  191  12:44  Roach x5  
  191  12:49  Hydralisk x5  
Show
View Real Time Build Order
Export as new Build Order

Mclovin Zerg 

Build Orders: Pool First, Lurkers 

Get SALT Encoding   

  12  0:06  Drone  
  13  0:11  Drone  
  14  0:19  Extractor  
  13  0:23  Extractor, Drone  
  13  0:24  Drone  
  16  0:29  Overlord  
  16  0:47  Spawning Pool, Drone  
  16  0:51  Extractor  
  16  0:53  Drone  
  16  1:01  Drone  
  17  1:12  Overlord  
  17  1:22  Drone  
  18  1:33  Drone  
  18  1:35  Queen  
  21  1:44  Zergling x2  
  22  1:55  Zergling x2  
  22  1:58  Metabolic Boost  
  23  2:10  Queen  
  23  2:12  Hatchery  
  23  2:15  Zergling x2  
  25  2:19  Drone  
  26  2:27  Zergling x2  
  27  2:39  Zergling x2  
  28  2:50  Zergling x4  
  30  2:51  Overlord  
  30  2:55  Overlord  
  30  3:01  Lair  
  30  3:17  Zergling x2  
  30  3:18  Zergling x2  
  32  3:27  Spore Crawler, Spine Crawler  
  32  3:28  Drone x3  
  33  3:34  Evolution Chamber  
  32  3:46  Drone x3  
  35  4:01  Zergling x2  
  35  4:02  Zergling x8  
  40  4:13  Hydralisk Den  
  39  4:19  Drone x3  
  42  4:27  Zerg Ground Armor Level 1  
  42  4:31  Drone, Spine Crawler  
  42  4:39  Drone  
  42  4:42  Drone  
  44  4:48  Overlord  
  44  4:54  Spore Crawler  
  44  4:55  Extractor, Drone  
  44  4:56  Drone  
  44  4:59  Grooved Spines  
  41  5:25  Queen  
  41  5:26  Drone x2  
  41  5:27  Drone  
  46  5:36  Hydralisk x2  
  50  5:43  Drone  
  51  6:01  Overlord x2  
  51  6:15  Muscular Augments  
  51  6:21  Hydralisk x2  
  51  6:24  Drone x3  
  58  6:28  Extractor  
  58  6:29  Queen  
  59  6:34  Extractor  
  59  6:38  Spine Crawler  
  57  6:41  Spine Crawler  
  57  6:45  Spore Crawler  
  55  6:48  Drone x2  
  55  6:50  Spore Crawler  
  55  6:52  Drone x3  
  59  6:55  Hydralisk  
  61  7:08  Hatchery  
  61  7:14  Drone  
  61  7:16  Hydralisk x3  
  67  7:27  Overlord x4  
  67  7:48  Hydralisk x4  
  75  7:52  Drone x2  
  75  7:57  Zerg Missile Weapons Level 1  
  77  8:00  Drone  
  78  8:05  Hydralisk  
  78  8:06  Hydralisk  
  78  8:09  Drone x2  
  84  8:13  Drone x2  
  84  8:14  Drone  
  87  8:21  Drone  
  88  8:33  Lurker Den  
  87  8:35  Hydralisk x2  
  87  8:38  Drone x2  
  87  8:39  Drone  
  94  8:41  Queen  
  94  8:43  Drone  
  94  8:44  Drone  
  94  8:46  Drone  
  99  8:51  Drone x2  
  99  8:53  Drone  
  101  9:03  Drone  
  101  9:05  Drone  
  103  9:16  Overlord x4  
  103  9:27  Spine Crawler  
  103  9:29  Spine Crawler  
  101  9:32  Extractor  
  101  9:33  Queen  
  101  9:34  Extractor  
  101  9:37  Spore Crawler  
  100  9:40  Drone x3, Spore Crawler  
  102  9:50  Drone x2  
  102  9:51  Drone  
  105  9:57  Hydralisk x5  
  105  9:58  Hydralisk  
  117  10:15  Drone x3  
  117  10:16  Drone  
  121  10:35  Nydus Network  
  117  10:55  Hydralisk x6  
  117  10:56  Hydralisk x2  
  128  10:58  Lurker  
  128  10:59  Lurker x2  
  128  11:00  Lurker x2  
  128  11:02  Lurker  
  128  11:11  Drone x4  
  129  11:36  Drone x5  
  92  11:43  Hydralisk x5  
  92  11:44  Hydralisk  
  104  11:58  Drone x2  
  105  12:16  Drone x2  
  84  12:47  Hydralisk x3  
  84  12:48  Hydralisk x4  
  98  12:52  Drone x2  
  98  12:53  Drone  
  98  12:54  Drone  
  98  12:55  Drone  
Show
View Real Time Build Order
Export as new Build Order

GalVeritatis Zerg 

Build Orders: Pool First 

Get SALT Encoding   

  12  0:03  Drone  
  13  0:11  Drone  
  14  0:20  Extractor  
  13  0:23  Extractor  
  13  0:24  Drone x2  
  16  0:41  Spawning Pool  
  15  0:47  Extractor  
  15  0:49  Overlord  
  14  1:05  Overlord  
  14  1:15  Drone  
  14  1:16  Drone  
  16  1:24  Drone  
  17  1:28  Drone  
  17  1:30  Queen  
  20  1:39  Drone  
  21  1:53  Drone, Evolution Chamber  
  21  2:07  Hatchery  
  20  2:21  Zergling x4  
  22  2:24  Zerg Ground Armor Level 1  
  22  2:30  Zergling x2  
  23  2:42  Zergling x4  
  23  2:43  Zergling x4  
  27  2:57  Overlord  
  27  3:03  Metabolic Boost  
  27  3:10  Drone  
  28  3:13  Zergling x2  
  29  3:22  Zergling x2  
  29  3:25  Drone  
  29  3:26  Queen  
  33  3:31  Zergling x6  
  36  3:37  Spore Crawler  
  36  3:40  Drone  
  36  3:52  Extractor  
  35  4:03  Evolution Chamber  
  35  4:04  Drone x2  
  35  4:08  Zergling x2  
  35  4:09  Zergling x2  
  38  4:15  Zergling x6  
  41  4:23  Zerg Melee Weapons Level 1  
  41  4:26  Zergling x2  
  41  4:27  Zergling x4  
  44  4:32  Overlord  
  44  4:51  Zerg Missile Weapons Level 1  
  44  4:53  Lair  
  44  4:56  Drone  
  44  4:57  Drone  
  44  4:58  Drone  
  48  5:07  Drone x2  
  48  5:08  Drone  
  49  5:41  Zergling x6  
  52  5:43  Overlord  
  52  5:44  Overlord x2  
  52  5:52  Overlord x3  
  52  6:11  Hydralisk Den  
  52  6:16  Infestation Pit  
  50  6:18  Drone  
  50  6:19  Drone  
  50  6:21  Drone x2  
  50  6:22  Drone  
  55  6:31  Zerg Melee Weapons Level 2  
  55  6:40  Zergling x10  
  55  6:42  Zergling x2  
  61  6:54  Drone x2  
  63  6:56  Drone x3  
  66  7:24  Hydralisk x3  
  66  7:25  Hydralisk x2  
  67  7:58  Hatchery  
  67  8:01  Zerg Ground Armor Level 2  
  66  8:08  Hydralisk x4  
  74  8:23  Extractor  
  73  8:28  Extractor  
  73  8:30  Zergling x10  
  73  8:31  Zergling x10  
  82  8:34  Grooved Spines  
  82  8:48  Drone x2  
  84  8:54  Drone  
  85  9:02  Hive  
  85  9:13  Drone  
  85  9:14  Drone  
  87  9:30  Drone  
  86  10:14  Hydralisk x3  
  86  10:15  Hydralisk x4  
  86  10:19  Adrenal Glands  
  97  10:46  Queen  
  99  10:51  Overlord x2  
  99  10:52  Overlord  
  99  10:57  Muscular Augments  
  28  11:45  Hydralisk x5  
  28  11:46  Hydralisk  
  1  13:01  Hatchery  
Tags
 
Add a new tag
Caveats
  • Supply blocks, unpowered buildings, or Contaminate may cause inaccurate times.
  • Supply counts are checked every 10 seconds.